 Dungeon Crawl Stone Soup version 0.23-a0-837-ga3e6480 (console) character file.

48 bli the Skirmisher (level 3, -1/30 HPs)
             Began as a Barachi Fighter on Jan 24, 2019.
             Slain by a rat (2 damage)
             ... on level 2 of the Dungeon.
             The game lasted 00:03:11 (1065 turns).

bli the Skirmisher (Barachi Fighter)                Turns: 1065, Time: 00:03:12

Health: -1/30      AC:  7    Str: 19    XL:     3   Next: 72%
Magic:  2/2        EV:  7    Int: 13    God:
Gold:   21         SH:  9    Dex: 12    Spells: 2/2 levels left

rFire    + . .     SeeInvis .   a - +0 long sword
rCold    + . .     Gourm    .   c - +0 shield
rNeg     . . .     Faith    .   b - +0 scale mail
rPois    +         Spirit   .   (no helmet)
rElec    +         Reflect  .   (no cloak)
rCorr    +         Harm     .   (no gloves)
MR       .....                  (no boots)
Stlth    +.........             (no amulet)
HPRegen  0.10/turn              r - ring of stealth
MPRegen  0.08/turn              (no ring)

@: brilliant, lethally poisoned (-1 -> -4), resistant, flying, slow
A: +LOS, swims, low mp 1, slowness 1, strong 1, evolution 1, strong legs 1
a: Hop


You were on level 2 of the Dungeon.
You were not hungry.

You visited 1 branch of the dungeon, and saw 3 of its levels.

You collected 21 gold pieces.

Inventory:

Hand Weapons
 a - a +0 long sword (weapon)
Missiles
 l - 6 stones (quivered)
 m - 6 tomahawks
Armour
 b - a +0 scale mail (worn)
 c - a +0 shield (worn)
Jewellery
 r - a ring of stealth (left hand)
Scrolls
 j - 2 scrolls of teleportation {unknown}
 n - a scroll of magic mapping {unknown}
 q - a scroll of remove curse {unknown}
Potions
 d - a potion of might
 k - a potion of ambrosia {unknown}
 o - a potion of degeneration {unknown}
Comestibles
 f - 6 rations
 g - 3 chunks of flesh


   Skills:
 - Level 4.0 Fighting
 * Level 3.6 Long Blades
 + Level 4.0 Armour
 + Level 3.8 Shields


You had 2 spell levels left.
You didn't know any spells.
Your spell library was empty.

Dungeon Overview and Level Annotations

Branches:
Dungeon (3/15)

Altars:

Annotations:
D:3 Sigmund


Innate Abilities, Weirdness & Mutations

Shadows flee at your approach. (+LOS)
You can swim through water.
You cover ground slowly.
You can hop short distances.
Your magical capacity is low. (-10% MP)
Your muscles are strong. (Str +2)
You evolve.


Message History

Your shield prevents you from hitting the rat.
The adder bites you.
* * * LOW HITPOINT WARNING * * *
You are lethally poisoned!
The adder poisons you!
You fly upwards.
Reactivating autopickup.
* * * LOW HITPOINT WARNING * * *
You feel sick.
There is a stone staircase leading down here.
It was a potion of mutation.
You feel extremely strange.
You feel nature experimenting on you.
Don't worry, failures die fast.
You feel less energetic.
You feel stronger. The rat closely misses you. You block the adder's attack.
Unknown command.
It was a potion of resistance.
You feel protected.
* * * LOW HITPOINT WARNING * * *
You feel sick. The adder bites you but does no damage. The rat bites you.
You die...

##### #...#
#...# #...#
.. #...#
.... #...#
#.....#.S.#
......'.@.#
......#r..#
.... #...#
.# #####


You could see an adder and a rat.

Vanquished Creatures
  An adder (D:2)
  An ooze (D:2)
  2 worms (D:2)
  4 giant cockroaches
  4 goblins
  A hobgoblin (D:2)
  2 jackals (D:1)
  4 kobolds
  4 bats
  A frilled lizard (D:1)
  5 rats
29 creatures vanquished.

Notes
Turn   | Place    | Note
-------+----------+-------------------------------------------
     0 | D:1      | bli the Barachi Fighter began the quest for the Orb.
     0 | D:1      | Reached XP level 1. HP: 18/18 MP: 1/1
   127 | D:1      | Reached XP level 2. HP: 21/25 MP: 2/2
   818 | D:2      | Reached XP level 3. HP: 28/30 MP: 3/3
  1043 | D:2      | You fall through a shaft!
  1043 | D:3      | Noticed Sigmund
  1064 | D:2      | Gained mutation: You evolve. [potion of mutation]
  1064 | D:2      | Gained mutation: Your magical capacity is low. (-10% MP)
                  | [potion of mutation]
  1064 | D:2      | Gained mutation: Your muscles are strong. (Str +2) [potion
                  | of mutation]
  1065 | D:2      | HP: 1/30 [poisoned by an adder]
  1065 | D:2      | Slain by a rat

Vault maps used:
D:1:      psy_arrival_spokes
D:2:      tgw_xom, first_ration, minmay_distorted, uniq_terence, uniq_natasha
D:3:      grunt_ministairs_12, uniq_sigmund, uniq_jessica

Skill      XL: |  1  2  3 |
---------------+----------+-----
Fighting       | 4 |  4.0
Long Blades    | 3 |  3.6
Armour         | 4 |  4.0
Shields        | |  3.8

Action                   || total
-------------------------++-------
Melee: Long sword        ||    96
  Use: Potion            ||     5
  Eat: Chunk             ||     1
Armor: Scale mail        ||    62
Dodge: Dodged            ||    37
Block: Shield            ||    64
       Rpst.: Long sword ||    12

Table legend:
 A = Non-vault XP
 B = Vault XP
 C = Vault XP percentage of total XP
 D = Non-vault monster count
 E = Vault monster count
 F = Vault count percentage of total count
                 A         B        C        D         E       F
            +---------+---------+-------+---------+---------+-------
      Total |      69 |       0 |   0.0 |      29 |       0 |   0.0
            +---------+---------+-------+---------+---------+-------
        D:1 |      23 |       0 |   0.0 |      15 |       0 |   0.0
        D:2 |      46 |       0 |   0.0 |      14 |       0 |   0.0
            +---------+---------+-------+---------+---------+-------
